 Dungeon Crawl Stone Soup version 0.32-a0-928-g1cae6b7 (webtiles) character file.

Game seed: 4115424968085961795

18772 znke the Frost Mage (level 12, -1/83 (91) HPs)
             Began as a Demonspawn Ice Elementalist on Apr 12, 2024.
             Was the Champion of Cheibriados.
             Slain by a spectral polar bear (5 damage)
             ... called from beyond by a ghost crab
             ... on level 3 of the Lair of Beasts.
             The game lasted 00:22:18 (13361 turns).

znke the Frost Mage (Demonspawn Ice Elementalist)  Turns: 13361, Time: 00:22:19

HP:   -1/83 (91)    AC: 15    Str: 24    XL:     12   Next: 30%
MP:   16/21         EV: 17    Int: 36    God:    Cheibriados [******]
Gold: 806           SH:  6    Dex: 34    Spells: 8/23 levels left

rFire   . . .        a - +3 long sword
rCold   . . .        F - +0 buckler
rNeg    . . .        Q - +0 acid dragon scales
rPois   .            p - +0 helmet {SInv}
rElec   .            m - +0 cloak
rCorr   +            u - +0 pair of gloves
SInv    +            N - +0 pair of boots
Will    +....        (no amulet)
Stlth   +++          l - +6 ring of intelligence
HPRegen 0.33/turn    T - ring of willpower
MPRegen 0.17/turn

%: no passive effects
@: mighty, drained, very slow
A: icy blue scales 2, ignite blood 1, powered by pain 2, weakness stinger 2
a: Renounce Religion, Bend Time, Temporal Distortion, Slouch, Step From Time


You were on level 3 of the Lair of Beasts.
You worshipped Cheibriados.
Cheibriados was exalted by your worship.
You visited 3 branches of the dungeon, and saw 14 of its levels.

You collected 806 gold pieces.

Inventory:

Hand Weapons
 a - a +3 long sword (weapon)
 b - a +2 short sword of venom
Armour
 d - a scarf of repulsion
 m - a +0 cloak (worn)
 p - a +0 helmet of see invisible (worn)
 u - a +0 pair of gloves (worn)
 F - a +0 buckler (worn)
 N - a +0 pair of boots (worn)
 Q - +0 acid dragon scales (worn)
Jewellery
 l - a +6 ring of intelligence (left hand)
 J - a ring of protection from cold
 T - a ring of willpower (right hand)
Wands
 g - a wand of mindburst (7)
 q - a wand of polymorph (7)
 y - a wand of light (8)
 C - a wand of charming (12)
 E - a wand of flame (13)
 L - a wand of warping (15)
Scrolls
 h - 2 scrolls of enchant weapon
 i - 7 scrolls of revelation
 r - 4 scrolls of teleportation
 v - 2 scrolls of blinking
 x - a scroll of butterflies {unknown}
 A - a scroll of enchant armour {unknown}
 B - a scroll of silence {unknown}
 D - 2 scrolls of vulnerability {unknown}
 G - 3 scrolls of poison
 H - 4 scrolls of immolation {unknown}
 I - a scroll of amnesia {unknown}
 K - 2 scrolls of fear
 M - 2 scrolls of fog {unknown}
 R - a scroll of acquirement {unknown}
Potions
 c - 3 potions of lignification
 e - 5 potions of might
 f - a potion of degeneration {unknown}
 j - 2 potions of mutation {unknown}
 k - a potion of enlightenment {unknown}
 n - 3 potions of curing
 o - 2 potions of heal wounds {unknown}
 s - 2 potions of magic
 t - a potion of berserk rage {unknown}
 w - a potion of brilliance {unknown}
 z - a potion of resistance {unknown}
 P - a potion of haste {unknown}
 S - a potion of cancellation {unknown}


   Skills:
 + Level 7.0 Fighting
 * Level 8.7 Long Blades
 + Level 4.7 Armour
 + Level 6.1 Dodging
 - Level 2.0 Stealth
 - Level 6.0 Spellcasting
 - Level 3.0 Translocations
 - Level 9.0 Ice Magic
 + Level 7.9 Invocations
 + Level 6.8 Evocations


You had 8 spell levels left.
You knew the following spells:

 Your Spells              Type           Power      Damage    Failure   Level
a - Frozen Ramparts       Ice            100%       1d16      1%          3
b - Ozocubu's Armour      Ice            66%        N/A       1%          3
c - Summon Ice Beast      Ice/Summ       43%        N/A       2%          3
d - Freeze                Ice            100%       1d10      1%          1
e - Lesser Beckoning      Tloc           64%        N/A       2%          2
f - Maxwell's Portable P  Tloc           32%        2d(8-23)  4%          3

Your spell library contained the following spells:

 Spells                   Type           Power      Damage    Failure   Level
 Teleport Other           Tloc           32%        N/A       4%          3
 Sting                    Conj/Alch      40%        1d5       5%          1
 Mercury Vapours          Alch/Air       20%        N/A       8%          2
 Vhi's Electric Charge    Tloc/Air       42%        N/A       28%         4
 Animate Dead             Necr           10%        N/A       45%         4
 Olgreb's Toxic Radiance  Alch           10%        N/A       45%         4
 Arcjolt                  Conj/Air       5%         1d15      82%         5
 Dispersal                Tloc           16%        N/A       93%         6
 Gell's Gavotte           Tloc           16%        2d(18-27) 93%         6
 Plasma Beam              Fire/Air       5%         2x1d15    100%        6
 Haunt                    Necr/Summ      5%         N/A       100%        7
 Infestation              Necr           5%         N/A       100%        8


Dungeon Overview and Level Annotations

Branches:
Dungeon (10/15)            Temple (1/1) D:4            Lair (3/5) D:9
  Swamp (0/4) Lair:3       Spider (0/4) Lair:2          Orc (0/2) D:9

Altars:
Ashenzari
Cheibriados
Dithmenos
Fedhas
Gozag
Hepliaklqana
Kikubaaqudgha
Makhleb
Nemelex Xobeh
Okawaru
Qazlal
Ru
Sif Muna
Trog
Uskayaw
Vehumet
Wu Jian
Xom
Yredelemnul
Beogh

Shops:
D:1 [   D:7 *

Annotations:
D:6 3 runed translucent doors, dddddd's ghost, novice MDFi
D:10 exclusion: obsidian statue
Lair:3 1 runed translucent door


Innate Abilities, Weirdness & Mutations

You are mostly covered in icy blue scales. (AC +3)
Your demonic aura sometimes causes spilled blood to erupt in flames.
You sometimes gain power by taking damage.
You have a tail ending in a sharp stinger.


Message History

The spectral eight-headed hydra bites you but does no damage.
The spectral eight-headed hydra bites you.
The spectral eight-headed hydra barely misses you.
The spectral eight-headed hydra misses you.
You block the spectral polar bear's attack.
The spectral polar bear completely misses you.
The spectral polar bear misses you.
Unknown command.
Throw: dart (curare)
Press: ? - help, Q - select action, (/) - cycle Shift-Dir - straight line, f - ghost crab, p - spectral eight-headed hydra
Aim: a ghost crab (spectral mist, 81% to hit)
You throw a curare-tipped dart.
The curare-tipped dart hits the ghost crab.
You hear a splash.
The ghost crab bites you but does no damage.
You block the ghost crab's attack. The spectral lindwurm misses you.
The spectral lindwurm closely misses you.
The spectral lindwurm claws you but does no damage.
You block the spectral polar bear's attack.
The spectral polar bear claws you but does no damage.
The spectral polar bear completely misses you.
The spectral eight-headed hydra bites you but does no damage.
The spectral eight-headed hydra closely misses you.
The spectral eight-headed hydra bites you but does no damage. x2
The spectral eight-headed hydra completely misses you. x2
The spectral eight-headed hydra misses you.
The spectral eight-headed hydra closely misses you.
Unknown command.
Activating: Slouch (4% risk of failure)
Press: ? - help, Dir - look around, f - activate You can feel time thicken for a moment.
You destroy the spectral lindwurm!
Cheibriados appreciates the change of pace.
The ghost crab bites you!
* * * LOW HITPOINT WARNING * * *
The ghost crab barely misses you. The spectral polar bear bites you!
* * * LOW HITPOINT WARNING * * *
You feel drained.
You die...
Cheibriados appreciates the motionlessness of death.

♣§§ ♣§§ ♣§.♣ §§§
.○♣♣ ♣ ♣○.♣♣ ♣♣~
♣Zt.♣ ♣.~♣♣♣♣@°♣
♣...♣°Z♣♣ ..
♣.~~.°♣ ..P
♣..~.♣♣#+....
♣~~..♣♣.#...#
..#♣....♣.......
...............#..
........#..P...#.#
..#####....##.#..#


You could see a ghost crab, a spectral eight-headed hydra (summoned) and a
spectral polar bear (summoned).

Vanquished Creatures
  Sonja (Lair:3)
  Amaemon (Lair:3)
  An orb spider (Lair:2)
  Pikel (D:6)
  2 black mambas
  An orange demon (Lair:3)
  5 cane toads
  3 komodo dragons
  3 rime drakes
  Psyche (D:8)
  A troll (D:10)
  A hornet (D:9)
  Grinder (D:4)
  A spectral lindwurm (Lair:3)
  4 dream sheep (Lair:3)
  2 wyverns
  Sigmund (D:5)
  Eustachio (D:4)
  4 basilisks
  22 yaks
  Grum (D:10)
  2 steam dragons (D:5)
  3 wargs (D:9)
  A spectral cane toad (Lair:3)
  Duvessa (D:4)
  2 acid dragons
  8 water moccasins
  2 ice beasts
  3 orc warriors
  A sky beast (D:7)
  3 black bears (D:9)
  A spectral blink frog (Lair:3)
  9 wolves
  2 centaurs
  3 lemures (D:6)
  4 kobold brigands
  12 bullfrogs
  2 gnoll sergeants
  3 scorpions
  3 wights (D:10)
  Dowan (D:4)
  9 killer bees
  6 howler monkeys
  2 bombardier beetles
  A hound (D:6)
  2 orc priests
  3 jellies (D:4)
  A gnoll bouda (D:5)
  8 iguanas
  Jessica (D:2)
  5 orc wizards
  17 gnolls
  4 adders
  A white imp (D:7)
  3 ribbon worms
  4 dart slugs
  33 orcs
  11 ball pythons
  3 endoplasms
  3 giant cockroaches
  2 goblins
  5 hobgoblins
  2 jackals (D:3)
  3 quokkas
  5 bats
  3 frilled lizards
  27 kobolds
  4 rats
  A butterfly (Lair:3)
293 creatures vanquished.

Notes
Turn   | Place    | Note
-------+----------+-------------------------------------------
     0 | D:1      | znke the Demonspawn Ice Elementalist began the quest for
                  | the Orb.
     0 | D:1      | Reached XP level 1. HP: 13/13 MP: 3/3
   454 | D:1      | Gained mutation: You sometimes gain a little power by
                  | taking damage. [demonic ancestry]
   454 | D:1      | Reached XP level 2. HP: 20/20 MP: 5/5
   584 | D:1      | Found Esol Nink's Armour Boutique.
  1060 | D:2      | Noticed Jessica
  1063 | D:2      | You fall into a shaft and drop 1 floor!
  1170 | D:3      | Gained mutation: You are partially covered in icy blue
                  | scales. (AC +2) [demonic ancestry]
  1170 | D:3      | Reached XP level 3. HP: 24/25 MP: 3/6
  1174 | D:3      | Learned a level 3 spell: Frozen Ramparts
  1302 | D:2      | Killed Jessica
  1303 | D:2      | Reached skill level 1 in Fighting
  1303 | D:2      | Reached skill level 4 in Ice Magic
  1492 | D:2      | Reached XP level 4. HP: 30/32 MP: 8/8
  1600 | D:2      | Identified the -2 cloak "Nynew" {Rampage}
  2455 | D:4      | Reached skill level 1 in Long Blades
  2487 | D:4      | Gained mutation: You are mostly covered in icy blue scales.
                  | (AC +3) [demonic ancestry]
  2487 | D:4      | Reached XP level 5. HP: 38/38 MP: 9/9
  2670 | D:4      | Found a staircase to the Ecumenical Temple.
  2710 | Temple   | Entered the Ecumenical Temple
  2716 | Temple   | Became a worshipper of Cheibriados the Contemplative
  2806 | D:4      | Learned a level 3 spell: Ozocubu's Armour
  2810 | D:4      | Learned a level 3 spell: Summon Ice Beast
  3036 | D:4      | Noticed Dowan
  3038 | D:4      | Noticed Duvessa
  3038 | D:4      | Noticed Grinder
  3063 | D:4      | Killed Dowan
  3064 | D:4      | Reached XP level 6. HP: 34/44 MP: 3/11
  3078 | D:4      | Killed Grinder
  3079 | D:4      | Reached skill level 5 in Ice Magic
  3106 | D:4      | HP: 1/46 [Duvessa/+0 short sword (10)]
  3107 | D:4      | Killed Duvessa
  3108 | D:4      | Gained mutation: You have a small tail. [demonic ancestry]
  3108 | D:4      | Reached XP level 7. HP: 1/51 MP: 0/13
  3293 | D:4      | Noticed Eustachio
  3308 | D:4      | Killed Eustachio
  3888 | D:5      | Entered Level 5 of the Dungeon
  3922 | D:5      | Reached skill level 5 in Spellcasting
  3922 | D:5      | Reached skill level 6 in Ice Magic
  3980 | D:5      | Noticed a steam dragon
  3980 | D:5      | Noticed a steam dragon
  4007 | D:5      | Killed a steam dragon
  4007 | D:5      | Reached * piety under Cheibriados
  4012 | D:5      | Gained mutation: You sometimes gain power by taking damage.
                  | [demonic ancestry]
  4012 | D:5      | Reached XP level 8. HP: 35/58 MP: 14/16
  4091 | D:5      | Reached skill level 1 in Evocations
  4618 | D:5      | Noticed Sigmund
  4629 | D:5      | Killed Sigmund
  4630 | D:5      | Reached skill level 7 in Ice Magic
  4974 | D:6      | Found a radiant altar of Vehumet.
  5004 | D:6      | Found a runed translucent gate.
  5005 | D:6      | Noticed dddddd's ghost (novice MDFi)
  5006 | D:6      | Found a runed translucent gate.
  5007 | D:6      | Found a runed translucent gate.
  5007 | D:6      | Noticed a two-headed ogre
  5015 | D:6      | Noticed Pikel
  5122 | D:6      | Reached ** piety under Cheibriados
  5177 | D:6      | Killed Pikel
  5178 | D:6      | Reached skill level 8 in Ice Magic
  5178 | D:6      | Gained mutation: You have a tail ending in a sharp stinger.
                  | [demonic ancestry]
  5178 | D:6      | Reached XP level 9. HP: 61/63 MP: 12/18
  5358 | D:6      | Found a basalt altar of Yredelemnul.
  5430 | D:6      | Reached skill level 9 in Ice Magic
  5804 | D:6      | Found a hazy altar of Hepliaklqana.
  5912 | D:7      | Identified the +0 ring mail of Owusub {Str+4}
  5951 | D:7      | Reached skill level 1 in Invocations
  6133 | D:7      | Reached skill level 1 in Armour
  6259 | D:7      | Reached *** piety under Cheibriados
  6764 | D:7      | Found a stormy altar of Qazlal.
  6886 | D:7      | Found Ytwa Gio's Fire Supplies.
  7376 | D:8      | Noticed Psyche
  7386 | D:8      | Killed Psyche
  7531 | D:8      | Found a sparkling altar of Nemelex Xobeh.
  7621 | D:8      | Learned a level 2 spell: Lesser Beckoning
  8091 | D:8      | Reached **** piety under Cheibriados
  8094 | D:8      | Found a roughly hewn altar of Beogh.
  8240 | D:9      | Reached XP level 10. HP: 53/71 MP: 19/19
  8243 | D:9      | Reached skill level 1 in Translocations
  8336 | D:9      | Found a staircase to the Orcish Mines.
  8500 | D:9      | Reached skill level 5 in Long Blades
  8699 | D:9      | Reached skill level 5 in Fighting
  8812 | D:9      | Found a staircase to the Lair.
  8885 | D:9      | Reached ***** piety under Cheibriados
  9047 | D:9      | Reached skill level 5 in Invocations
  9481 | D:10     | Entered Level 10 of the Dungeon
  9583 | D:10     | Noticed Grum
  9591 | D:10     | Reached skill level 5 in Evocations
  9593 | D:10     | Killed Grum
  9660 | D:10     | Noticed an obsidian statue
  9672 | D:10     | Reached XP level 11. HP: 61/80 MP: 16/20
 10351 | Lair:1   | Entered Level 1 of the Lair of Beasts
 10641 | Lair:1   | Reached skill level 5 in Dodging
 11066 | Lair:1   | Learned a level 3 spell: Maxwell's Portable Piledriver
 11110 | Lair:1   | Reached ****** piety under Cheibriados
 11871 | Lair:2   | You fall into a shaft and drop 1 floor!
 12067 | Lair:2   | Found a hole to the Spider Nest.
 12067 | Lair:2   | Noticed an orb spider
 12071 | Lair:2   | Killed an orb spider
 12363 | Lair:3   | Noticed a skyshark
 12570 | Lair:3   | Gained mutation: Your demonic aura sometimes causes spilled
                  | blood to erupt in flames. [demonic ancestry]
 12570 | Lair:3   | Reached XP level 12. HP: 72/89 MP: 14/21
 12759 | Lair:3   | Noticed Sonja
 12762 | Lair:3   | Killed Sonja
 12810 | Lair:3   | Noticed Amaemon
 13129 | Lair:3   | Killed Amaemon
 13310 | Lair:3   | Found a runed translucent gate.
 13352 | Lair:3   | Found a staircase to the Swamp.
 13352 | Lair:3   | Noticed a ghost crab
 13361 | Lair:3   | HP: 4/86 [spectral polar bear[a ghost crab] (11)]
 13361 | Lair:3   | Slain by a spectral polar bear

Illustrated notes

Levels and vault maps discovered:
D:1:      dpeg_cavernosity, layout_loops_ring, serial_shops,
          nicolae_square_shop, serial_glass, glass_columns_c, glass_columns_a,
          minmay_pentomino_v2
D:2:      layout_loops_ring, nrook_mini_backslash, uniq_jessica
D:3:      layout_basic, grunt_decor_fettered, serial_bayou_crossing
D:4:      layout_loops_corners, minmay_temple_entry_slanted, uniq_eustachio,
          uniq_grinder, uniq_duvessa
D:5:      kennysheep_steamy, layout_loops_cross, uniq_sigmund
D:6:      layout_loops_ring, nzn_hepliaklqana_mist_gate, vehumet_altar_wand_db,
          yredelemnul_altar_generic, gammafunk_ghost_split,
          minmay_misc_feat_secret_circle, uniq_pikel
D:7:      layout_layer_cave, lemuel_crystal_altar, kennysheep_little_box,
          nicolae_shop_fire_sale [nicolae_sub_dead_trees]
D:8:      layout_basic, nemelex_spade_bored_becter, special_room
          [special_room_orc], uniq_psyche
D:9:      layout_basic, due_lair_maze_entry_diamond, david_orc_1_choice,
          grunt_decor_arrowhead, grunt_decor_one_mirror, st_stairs_1,
          kennysheep_generic_room_6
D:10:     layout_basic, serial_rivers, chequers_serial_rivers_micro_b,
          chequers_serial_rivers_micro_a, chequers_serial_rivers_room_a,
          chequers_serial_rivers_micro_b, minmay_statue_bubble, uniq_grum
Temple:   nicolae_temple_x_marks_the_god
Lair:1:   layout_chaotic_city, grunt_megastairs_3, infiniplex_staircase_pool
Lair:2:   layout_loops_ring, nicolae_spider_entry_orb_guardian,
          grunt_megastairs_1
Lair:3:   layout_chaotic_city, nicolae_swamp_entry_spooky, gammafunk_ghost_icy,
          lemuel_fruit_fields, uniq_sonja, uniq_amaemon

Skill      XL: |  1  2  3  4  5  6  7  8  9 10 11 12 |
---------------+-------------------------------------+-----
Dodging        | 2 3 4 5 6 |  6.1
Stealth        | 2 |  2.0
Fighting       | 1 2 3 4 5 6 7 |  7.0
Ice Magic      | 4 5 6 8 9 |  9.0
Spellcasting   | 3 4 5 6 |  6.0
Long Blades    | 1 2 3 4 6 8 |  8.7
Evocations     | 3 4 5 6 |  6.8
Invocations    | 3 5 7 |  7.9
Armour         | 2 3 4 |  4.7
Translocations | 2 3 |  3.0

Action                     |  1- 3 |  4- 6 |  7- 9 | 10-12 || total
---------------------------+-------+-------+-------+-------++-------
  Melee: Unarmed           |    11 |       |       |       ||    11
         Dagger            |     3 |       |       |       ||     3
         Long sword        |    18 |    39 |       |   218 ||   275
         Short sword       |       |    62 |   227 |    83 ||   372
         Tailslap          |       |       |    44 |    70 ||   114
  Throw: Dart              |       |       |       |     4 ||     4
   Cast: Freeze            |    24 |    13 |       |       ||    37
         Frozen Ramparts   |     2 |     9 |    24 |    30 ||    65
         Summon Ice Beast  |       |     4 |     1 |     1 ||     6
         Ozocubu's Armour  |       |     1 |     8 |    19 ||    28
 Invoke: Bend Time         |       |       |       |     2 ||     2
         Slouch            |       |       |       |     1 ||     1
  Evoke: Wand              |       |       |       |     7 ||     7
    Use: Potion            |       |     2 |       |     1 ||     3
         Scroll            |       |       |       |     9 ||     9
   Stab: Sleeping          |     2 |     4 |     3 |     5 ||    14
         Distracted        |       |       |     1 |     1 ||     2
 Armour: Robe              |    35 |    63 |     7 |       ||   105
         Leather armour    |       |       |   138 |   114 ||   252
         Acid dragon scale |       |       |       |   157 ||   157
  Dodge: Dodged            |    50 |    68 |   125 |   300 ||   543
  Block: Buckler           |       |       |    26 |   116 ||   142

Table legend: (Time is in decaauts)
 A = Elapsed time spent in this place.
 B = Non-inter-level travel time spent in this place.
 C = Inter-level travel time spent in this place.
 D = Time resting spent in this place.
 E = Time spent auto-exploring this place.
 F = Levels seen in this place.
 G = Mean time per level.
                   A        B        C        D        E       F      G
               +--------+--------+--------+--------+--------+-----+--------+
         Total |  18058 |  17342 |    716 |    358 |  14157 |  14 | 1289.9 |
       Dungeon |  13454 |  12861 |    593 |    160 |  10626 |  10 | 1345.4 |
        Temple |     14 |      7 |      7 |      0 |      0 |   1 |   14.0 |
          Lair |   4589 |   4474 |    115 |    198 |   3531 |   3 | 1529.7 |
               +--------+--------+--------+--------+--------+-----+--------+

Top non-repeatable levels by time:
     D:7: 2121 daAuts
     D:9: 2003 daAuts
  Lair:2: 1832 daAuts
     D:4: 1652 daAuts
  Lair:1: 1587 daAuts
     D:5: 1374 daAuts
    D:10: 1337 daAuts
     D:6: 1266 daAuts
     D:8: 1226 daAuts
  Lair:3: 1168 daAuts
     D:1: 1020 daAuts
     D:2: 846 daAuts
     D:3: 605 daAuts
  Temple: 14 daAuts
